 Dungeon Crawl Stone Soup version 0.30.1-4-g462c640d31 (webtiles) character file.

Game seed: 9491139424574293579

170 Bobit the Chopper (level 5, -1/39 (43) HPs)
             Began as a Gnoll Reaver on Aug 13, 2023.
             Was an Initiate of Okawaru.
             Killed from afar by an electric eel (2 damage)
             ... with a bolt of electricity
             ... on level 3 of the Dungeon.
             The game lasted 00:06:24 (3382 turns).

Bobit the Chopper (Gnoll Reaver)                    Turns: 3382, Time: 00:06:25

HP:   -1/39 (43)    AC:  5    Str: 14      XL:     5   Next: 50%
MP:   11/11         EV: 11    Int: 12      God:    Okawaru [......]
Gold: 215           SH:  0    Dex:  6 (8)  Spells: 8/14 levels left

rFire   . . .        t - +2 long sword of Capital Punishment {flame, rElec}
rCold   . . .        (no shield)
rNeg    . . .        i - +0 ring mail
rPois   .            (no helmet)
rElec   +            (no cloak)
rCorr   .            (no gloves)
SInv    .            (no boots)
Will    .....        (no amulet)
Stlth   +            (no ring)
HPRegen 0.26/turn    (no ring)
MPRegen 0.12/turn

%: clarity
@: very slightly contaminated, drained
A: fangs 2, strong nose, distributed training, clarity, clumsy 1, low MP 1
a: Renounce Religion


You were on level 3 of the Dungeon.
You worshipped Okawaru.
Okawaru was noncommittal.
You visited 1 branch of the dungeon, and saw 4 of its levels.

You collected 215 gold pieces.

Inventory:

Hand Weapons
 a - a +0 hand axe
 t - the +2 long sword of Capital Punishment (weapon) {flame, rElec}
   (You found it on level 3 of the Dungeon)

   rElec:     It insulates you from electricity.
Armour
 b - a +0 leather armour
 i - a +0 ring mail (worn)
Jewellery
 h - a +4 ring of slaying
 r - a ring of protection from cold
Wands
 u - a wand of flame (32)
Scrolls
 c - 5 scrolls of identify {unknown}
 l - a scroll of enchant armour {unknown}
 o - a scroll of fear {unknown}
 q - a scroll of teleportation {unknown}
 s - a scroll of poison {unknown}
Potions
 d - a potion of ambrosia {unknown}
 e - a potion of attraction {unknown}
 f - a potion of resistance {unknown}
 g - a potion of magic
 j - 2 potions of might
 k - 2 potions of curing {unknown}
 m - 3 potions of haste {unknown}
 n - 2 potions of brilliance {unknown}
 p - a potion of lignification {unknown}


   Skills:
 + Level 4.8 Fighting
 + Level 1.6 Short Blades
 + Level 1.6 Long Blades
 + Level 6.7 Axes
 + Level 1.6 Maces & Flails
 + Level 1.6 Polearms
 + Level 1.6 Staves
 + Level 1.6 Ranged Weapons
 + Level 1.6 Throwing
 + Level 1.6 Armour
 + Level 4.8 Dodging
 + Level 1.6 Stealth
 + Level 1.6 Shields
 + Level 1.6 Unarmed Combat
 + Level 5.2 Spellcasting
 + Level 5.5 Conjurations
 + Level 1.2 Hexes
 + Level 1.2 Summonings
 + Level 1.2 Necromancy
 + Level 1.2 Translocations
 + Level 1.2 Transmutations
 + Level 1.2 Fire Magic
 + Level 1.2 Ice Magic
 + Level 1.2 Air Magic
 + Level 1.2 Earth Magic
 + Level 1.2 Poison Magic
 + Level 1.8 Invocations
 + Level 1.6 Evocations


You had 8 spell levels left.
You knew the following spells:

 Your Spells              Type           Power      Damage    Failure   Level
a - Kiss of Death         Conj/Necr      44%        2d8       10%         1
b - Momentum Strike       Conj/Tloc      22%        3d8       16%         2
c - Hailstorm             Conj/Ice       11%        3d5       30%         3

Your spell library contained the following spells:

 Spells                   Type           Power      Damage    Failure   Level
 Apportation              Tloc           12%        N/A       24%         1
 Slow                     Hex            24%        N/A       24%         1
 Ensorcelled Hibernation  Hex/Ice        12%        N/A       34%         2
 Confusing Touch          Hex            6%         N/A       56%         3
 Spider Form              Tmut/Pois      6%         N/A       56%         3
 Vampiric Draining        Necr           6%         2d6       56%         3
 Anguish                  Hex/Necr       3%         N/A       93%         4
 Alistair's Intoxication  Tmut/Pois      4%         N/A       100%        5


Dungeon Overview and Level Annotations

Branches:
Dungeon (4/15)
 Temple: D:4-7

Altars:
Hepliaklqana
Okawaru
Xom

Shops:
D:1 !

Annotations:
D:3 1 transporter, 3 runed translucent doors, jujuben's ghost, amateur TeHu


Innate Abilities, Weirdness & Mutations

You have extremely sharp teeth.
Your uncanny sense of smell can sniff out nearby items.
Your experience applies equally to all skills.
You possess an exceptional clarity of mind.
You are clumsy. (Dex -2)
Your magical capacity is low. (-10% MP)


Message History

The bolt of electricity hits you. You resist. The bolt of electricity hits you.
You resist.
The bolt of electricity hits the electric eel.
The electric eel completely resists.
Unknown command.
Casting: Momentum Strike (safe; 16% risk of failure)
Confirm with . or Enter, or press ? or * to list all spells.
The spell is quite dangerous to miscast (30% risk of failure)!
Continue anyway?
Casting: Hailstorm (quite dangerous; 30% risk of failure)
Press: ? - help, Dir - look around, f - activate A cannonade of hail descends around you!
The hail pelts the electric eel.
The electric eel is moderately wounded.
The hail pelts the plant.
The plant begins to die.
The plant is lightly damaged.
The hail pelts the plant!
The plant begins to die.
The plant is lightly damaged.
The electric eel shoots out a bolt of lightning at you!
The bolt of electricity hits you. You resist.
Unknown command.
You hit the electric eel. You burn the electric eel.
Your bite misses the electric eel.
The electric eel is severely wounded.
The electric eel shoots out a bolt of lightning at you!
The bolt of electricity misses you.
The electric eel shoots out a bolt of lightning at you!
The bolt of electricity hits you. You resist.
The electric eel shoots out a bolt of lightning at you!
The bolt of electricity hits you. You resist. The bolt of electricity hits you.
You resist.
* * * LOW HITPOINT WARNING * * *
It was a potion of magic.
Magic courses through your body.
The electric eel shoots out a bolt of lightning at you!
The bolt of electricity hits you. You resist.
* * * LOW HITPOINT WARNING * * *
The electric eel shoots out a bolt of lightning at you!
The bolt of electricity hits you. You resist.
* * * LOW HITPOINT WARNING * * *
The bolt of electricity hits you. You resist.
You die...

#.......#.# ##.....#...#
#.......#.# #####.#####
#.......#.#################...#..
#.#.#####.#.................#.#..
..#.# #.#.###############.#.#..
..#.# #.#(#8P#~~~~~~~#P8#.#.#..
....# #..o#..#..~~~~~#..#....##
..### #.oo#©.'..P⌠~~P+$©#©.....
..# #.oW#..#@.~~~~~#..#..###. ###
#.#o#8P#SS~~~~~#P8#.####.
#.#.###############.#....
#.#.................#....
#.###################....
########'## #.... #......W..#
############# ##.........#
#.........>.. .#.........#
#............


You could see 2 electric eels, jujuben's ghost and 5 orcs.

Vanquished Creatures
  A jelly (D:2)
  Natasha (thrice) (D:3)
  3 adders
  A worm (D:2)
  A dart slug (D:1)
  5 ball pythons
  A bat (D:1)
  7 endoplasms
  A giant cockroach (D:1)
  4 goblins
  A hobgoblin (D:2)
  2 kobolds (D:1)
  2 quokkas
  3 frilled lizards (D:1)
  3 rats
  A spectral kobold (D:1)
39 creatures vanquished.

Notes
Turn   | Place    | Note
-------+----------+-------------------------------------------
     0 | D:1      | Bobit the Gnoll Reaver began the quest for the Orb.
     0 | D:1      | Reached XP level 1. HP: 20/20 MP: 6/6
   170 | D:1      | Reached XP level 2. HP: 26/26 MP: 7/7
   208 | D:1      | Found a faded altar of an unknown god.
   217 | D:1      | Prayed at the altar of an unknown god.
   217 | D:1      | Became a worshipper of Xom of Chaos
   378 | D:1      | XOM: potion effect (might)
   553 | D:1      | Reached skill level 5 in Spellcasting
   553 | D:1      | Reached XP level 3. HP: 25/31 MP: 7/9
   696 | D:1      | Found Sunnei's Distillery.
   826 | D:2      | XOM: potion effect (haste)
   832 | D:2      | Reached skill level 1 in Short Blades
   832 | D:2      | Reached skill level 1 in Long Blades
   832 | D:2      | Reached skill level 1 in Maces & Flails
   832 | D:2      | Reached skill level 1 in Polearms
   832 | D:2      | Reached skill level 1 in Staves
   832 | D:2      | Reached skill level 1 in Ranged Weapons
   832 | D:2      | Reached skill level 1 in Throwing
   832 | D:2      | Reached skill level 1 in Armour
   832 | D:2      | Reached skill level 1 in Stealth
   832 | D:2      | Reached skill level 1 in Shields
   832 | D:2      | Reached skill level 1 in Unarmed Combat
   832 | D:2      | Reached skill level 1 in Invocations
   832 | D:2      | Reached skill level 1 in Evocations
  1044 | D:2      | Learned a level 2 spell: Momentum Strike
  1048 | D:2      | Learned a level 3 spell: Hailstorm
  1207 | D:2      | Found an iron altar of Okawaru.
  1223 | D:2      | Reached XP level 4. HP: 33/38 MP: 11/11
  1243 | D:2      | Fell from the grace of Xom
  1243 | D:2      | Became a worshipper of Warmaster Okawaru
  1603 | D:2      | XOM: stat loss: -1 Dex (9/10)
  1795 | D:3      | Reached skill level 1 in Hexes
  1795 | D:3      | Reached skill level 1 in Summonings
  1795 | D:3      | Reached skill level 1 in Necromancy
  1795 | D:3      | Reached skill level 1 in Translocations
  1795 | D:3      | Reached skill level 1 in Transmutations
  1795 | D:3      | Reached skill level 1 in Fire Magic
  1795 | D:3      | Reached skill level 1 in Ice Magic
  1795 | D:3      | Reached skill level 1 in Air Magic
  1795 | D:3      | Reached skill level 1 in Earth Magic
  1795 | D:3      | Reached skill level 1 in Poison Magic
  1959 | D:3      | Found a transporter.
  2009 | D:3      | Identified the +2 short sword "Guc Geik" {flame, rCorr
                  | Str+2}
  2091 | D:3      | Noticed Natasha
  2100 | D:3      | Killed Natasha
  2456 | D:3      | Found a faded altar of an unknown god.
  2479 | D:3      | Found a transporter.
  2584 | D:3      | Found a runed translucent gate.
  2584 | D:3      | Found a runed translucent gate.
  2584 | D:3      | Identified the +6 scale mail of Pathos {rElec rPois Str+5
                  | Dex-3 Slay+4}
  2585 | D:3      | Found a runed translucent gate.
  2585 | D:3      | Noticed jujuben's ghost (amateur TeHu)
  2599 | D:3      | Identified the +2 long sword of Capital Punishment {flame,
                  | rElec}
  2631 | D:3      | XOM: give mutations
  2631 | D:3      | Gained mutation: You are clumsy. (Dex -2) [Xom's mischief]
  2631 | D:3      | Gained mutation: You have extremely sharp teeth. [Xom's
                  | mischief]
  2631 | D:3      | Gained mutation: You possess an exceptional clarity of
                  | mind. [Xom's mischief]
  2631 | D:3      | Gained mutation: Your magical capacity is low. (-10% MP)
                  | [Xom's mischief]
  2648 | D:3      | Found a hazy altar of Hepliaklqana.
  2717 | D:3      | Reached XP level 5. HP: 40/43 MP: 11/11
  2718 | D:3      | Noticed Natasha
  2727 | D:3      | Killed Natasha
  2900 | D:3      | Noticed Natasha
  2913 | D:3      | Killed Natasha
  3242 | D:3      | XOM: summons 4 hostile demons
  3354 | D:3      | XOM: scenery: 3 doors open
  3382 | D:3      | HP: 1/39 [electric eel/bolt of electricity (3)]
  3382 | D:3      | Killed from afar by an electric eel

Illustrated notes

Levels and vault maps discovered:
D:1:      dpeg_arrival_three_smaller_balls, layout_loops_ring, serial_shops,
          nicolae_shop_real_fake_doors,
          dreamdust_ecumenical_altar_drowned_temple
D:2:      layout_basic, basic_altar
D:3:      gammafunk_steamed_eel, layout_basic,
          nicolae_overflow_ecumenical_swirl, biasface_ghost_orc_armoury,
          saegor_snake_ambush, uniq_natasha
D:4:      layout_basic, uniq_duvessa

Skill      XL: |  1  2  3  4 |
---------------+-------------+-----
Spellcasting   | 5 |  5.2
Short Blades   | 1 |  1.6
Long Blades    | 1 |  1.6
Maces & Flails | 1 |  1.6
Polearms       | 1 |  1.6
Staves         | 1 |  1.6
Ranged Weapons | 1 |  1.6
Throwing       | 1 |  1.6
Armour         | 1 |  1.6
Stealth        | 1 |  1.6
Shields        | 1 |  1.6
Unarmed Combat | 1 |  1.6
Invocations    | 1 |  1.8
Evocations     | 1 |  1.6
Hexes          | 1 |  1.2
Summonings     | 1 |  1.2
Necromancy     | 1 |  1.2
Translocations | 1 |  1.2
Transmutations | 1 |  1.2
Fire Magic     | 1 |  1.2
Ice Magic      | 1 |  1.2
Air Magic      | 1 |  1.2
Earth Magic    | 1 |  1.2
Poison Magic   | 1 |  1.2
Fighting       | |  4.8
Axes           | |  6.7
Dodging        | |  4.8
Conjurations   | |  5.5

Action                     |  1- 3 |  4- 6 || total
---------------------------+-------+-------++-------
  Melee: Hand axe          |    51 |    59 ||   110
         Bite              |     4 |     5 ||     9
         Punch             |     1 |       ||     1
         Long sword        |       |    14 ||    14
   Cast: Kiss of Death     |     1 |     1 ||     2
         Momentum Strike   |       |     5 ||     5
         Hailstorm         |       |     4 ||     4
    Use: Potion            |       |     1 ||     1
 Armour: Ring mail         |     5 |    46 ||    51
         Leather armour    |     1 |       ||     1
  Dodge: Dodged            |    24 |    62 ||    86
